 Dungeon Crawl Stone Soup version 0.22.1-2-g9c5b331 (webtiles) character file.

324 diana the Sneak (level 6, -5/47 HPs)
             Began as a Demonspawn Assassin on Dec 29, 2018.
             Killed from afar by an orc wizard (9 damage)
             ... with a magic dart
             ... on level 4 of the Dungeon.
             The game lasted 00:05:21 (3570 turns).

diana the Sneak (Demonspawn Assassin)               Turns: 3570, Time: 00:05:21

Health: -5/47      AC:  7    Str: 14    XL:     6   Next: 23%
Magic:  6/6        EV: 12    Int: 12    God:
Gold:   213        SH:  0    Dex: 14    Spells: 5/5 levels left

rFire    . . .     SeeInvis .   C - +0 rapier
rCold    . . .     Gourm    .   (no shield)
rNeg     . . .     Faith    .   c - +0 robe
rPois    +         Spirit   .   v - +2 hat
rElec    .         Reflect  .   t - +0 cloak (curse)
rCorr    .         Harm     .   (no gloves)
MR       .....                  (no boots)
Stlth    +++.......             u - amulet of the acrobat
HPRegen  0.15/turn              m - ring of poison resistance
MPRegen  0.10/turn              B - ring of flight

@: no status effects
A: icy blue scales 1, spiny 2
a: Evoke Flight


You were on level 4 of the Dungeon.
You were not hungry.

You visited 1 branch of the dungeon, and saw 4 of its levels.

You collected 213 gold pieces.

Inventory:

Hand Weapons
 a - a +2 dagger
 b - a +0 blowgun
 C - a +0 rapier (weapon)
Missiles
 e - 24 poisoned needles
 f - 2 curare-tipped needles
 s - 4 needles of confusion
Armour
 c - a +0 robe (worn)
 d - a +0 cloak
 j - a +2 large shield
 q - a +2 buckler
 t - a cursed +0 cloak (worn)
 v - a +2 hat (worn)
Jewellery
 m - a ring of poison resistance (left hand)
 o - an uncursed amulet of faith
 u - an amulet of the acrobat (around neck)
 B - a ring of flight (right hand)
Wands
 A - a wand of paralysis (11)
Scrolls
 h - a scroll of identify
 k - a scroll of enchant armour {unknown}
 l - 3 scrolls of teleportation {unknown}
 n - 2 scrolls of magic mapping {unknown}
 p - 2 scrolls of remove curse {unknown}
 r - a scroll of random uselessness {unknown}
 x - a scroll of noise {unknown}
 y - a scroll of amnesia {unknown}
 z - a scroll of enchant weapon {unknown}
Comestibles
 g - 14 rations


   Skills:
 - Level 3.0 Fighting
 - Level 3.2 Short Blades
 - Level 1.7 Throwing
 - Level 2.0 Armour
 - Level 2.0 Dodging
 * Level 5.2 Stealth


You had 5 spell levels left.
You didn't know any spells.
Your spell library contained the following spells:

 Spells                   Type           Power        Failure   Level  Hunger
 Beastly Appendage        Tmut           #.....       32%         1    ##.....
 Sticks to Snakes         Tmut           #.......     45%         2    ###....
 Spider Form              Tmut/Pois      #.........   69%         3    ####...
 Ice Form                 Ice/Tmut       #.......     97%         4    #####..
 Blade Hands              Tmut           #.........   100%        5    ######.


Dungeon Overview and Level Annotations

Branches:
Dungeon (4/15)
 Temple: D:4-7

Altars:
Uskayaw
Yredelemnul
Zin


Innate Abilities, Weirdness & Mutations

You are partially covered in icy blue scales. (AC +2)
You are mostly covered in sharp spines.


Message History

* * * LOW HITPOINT WARNING * * *
The orc wizard is struck by your spines.
The orc wizard hits you with a dagger.
* * * LOW HITPOINT WARNING * * *
You aren't carrying any potions.
You hit the orc priest.
The orc priest is almost dead.
The orc priest misses you. The orc wizard barely misses you.
You hit the orc priest.
You kill the orc priest!
The orc wizard barely misses you.
You barely miss the orc wizard.
The orc wizard is moderately wounded.
The orc wizard hits you with a dagger.
* * * LOW HITPOINT WARNING * * *
You hit the orc wizard.
The orc wizard is severely wounded.
The orc wizard casts a spell at you. The magic dart hits you!
You die...

#..#####.#...#
#.# #>)#
###..... ..#
#..# #..###
#### #..# #...
#..# #..# #..#
#..#######..
##...[.....#
###@o##.##
#[.# #..# #..#
#..# #..# #..#
#..#


You could see an orc wizard.

Vanquished Creatures
  A centaur (D:4)
  2 orc priests (D:4)
  6 adders
  An ooze (D:1)
  5 worms
  A dart slug (D:4)
  7 leopard geckos
  4 orcs
  A ball python (D:3)
  16 bats
  6 giant cockroaches
  8 goblins
  7 hobgoblins
  6 jackals (D:3)
  2 quokkas
  5 frilled lizards
  11 kobolds
  A leopard gecko skeleton (D:4)
  10 rats
100 creatures vanquished.

Notes
Turn   | Place    | Note
-------+----------+-------------------------------------------
     0 | D:1      | diana the Demonspawn Assassin began the quest for the Orb.
     0 | D:1      | Reached XP level 1. HP: 16/16 MP: 1/1
    41 | D:1      | Reached skill level 1 in Dodging
    94 | D:1      | Gained mutation: You are partially covered in sharp spines.
                  | [demonic ancestry]
    94 | D:1      | Reached XP level 2. HP: 20/22 MP: 2/2
   153 | D:1      | Reached skill level 1 in Armour
   482 | D:1      | Gained mutation: You are mostly covered in sharp spines.
                  | [demonic ancestry]
   482 | D:1      | Reached XP level 3. HP: 25/27 MP: 3/3
  1174 | D:2      | Reached XP level 4. HP: 26/34 MP: 4/4
  1943 | D:2      | Found a hide-covered altar of Uskayaw.
  2488 | D:3      | Reached XP level 5. HP: 41/41 MP: 5/5
  2605 | D:3      | Reached skill level 4 in Stealth
  2691 | D:3      | Found a basalt altar of Yredelemnul.
  3269 | D:4      | Found a glowing silver altar of Zin.
  3480 | D:4      | Noticed a centaur
  3483 | D:4      | Killed a centaur
  3563 | D:4      | Reached skill level 5 in Stealth
  3563 | D:4      | Gained mutation: You are partially covered in icy blue
                  | scales. (AC +2) [demonic ancestry]
  3563 | D:4      | Reached XP level 6. HP: 15/47 MP: 6/6
  3570 | D:4      | Killed from afar by an orc wizard

Skill      XL: |  1  2  3  4  5 |
---------------+----------------+-----
Dodging        | 1 2 |  2.0
Short Blades   | 2 3 |  3.2
Armour         | 1 2 |  2.0
Fighting       | 3 |  3.0
Stealth        | 5 |  5.2
Throwing       | |  1.7

Action                   |  1- 3 |  4- 6 || total
-------------------------+-------+-------++-------
Melee: Dagger            |    83 |   105 ||   188
       Rapier            |       |    28 ||    28
  Use: Potion            |       |     3 ||     3
       Scroll            |       |     2 ||     2
 Stab: Sleeping          |     5 |    11 ||    16
       Distracted        |       |     1 ||     1
  Eat: Chunk             |       |     8 ||     8
Armor: Robe              |    20 |    20 ||    40
Dodge: Dodged            |    54 |    52 ||   106
